 Dungeon Crawl Stone Soup version 0.28.0-43-g3370ac3207 (webtiles) character file.

Game seed: 6495586205488438775

20134 boopmooplesden the Fencer (level 12, -15/111 HPs)
             Began as a Minotaur Fighter on Mar 30, 2022.
             Was a High Priest of Trog.
             Demolished by a large slime creature (37 damage)
             ... on level 12 of the Dungeon.
             The game lasted 00:17:49 (10662 turns).

boopmooplesden the Fencer (Minotaur Fighter)       Turns: 10662, Time: 00:17:49

Health: -15/111    AC: 18    Str: 22    XL:     12   Next: 42%
Magic:  11/11      EV:  9    Int: 11    God:    Trog [*****.]
Gold:   1464       SH:  0    Dex: 12    Spells: 11/11 levels left

rFire   + . .      SeeInvis .   J - +6 triple sword "Lifebane" {chaos, rElec Will- rCorr Int+4}
rCold   . . .      Faith    .   (shield currently unavailable)
rNeg    + . .      Spirit   .   M - +4 plate armour {rN+}
rPois   .          Reflect  .   (helmet restricted)
rElec   +          Harm     .   B - scarf {repulsion}
rCorr   +          Rampage  .   k - +0 pair of gloves
Will    .....                   (no boots)
Stlth   ..........              s - amulet of regeneration
HPRegen 1.08/turn               u - ring of protection from fire
MPRegen 0.12/turn               (no ring)

@: on berserk cooldown, slowed, repel missiles, very slow
A: horns 2, retaliatory headbutt
a: Renounce Religion, Berserk, Trog's Hand, Brothers in Arms


You were on level 12 of the Dungeon.
You worshipped Trog.
Trog was extremely pleased with you.
You visited 2 branches of the dungeon, and saw 13 of its levels.
You also visited: Bailey.

You collected 1672 gold pieces.
You spent 208 gold pieces at shops.

Inventory:

Hand Weapons
 a - a +1 long sword
 f - the +4 falchion "Lael" {venom, Drain Fly rF++ Dex+3}
   (You bought it in a shop on level 4 of the Dungeon)

   It poisons the flesh of those it strikes.
   Dex:       It affects your dexterity (+3).
   rF:        It greatly protects you from fire.
   Fly:       It grants you flight.
   Drain:     It drains your maximum health when unequipped.
 C - a +2 great sword of flaming
 D - a +0 scimitar of flaming
 J - the +6 triple sword "Lifebane" (weapon) {chaos, rElec Will- rCorr Int+4}
   (You found it on level 9 of the Dungeon)

   Each time it hits an enemy it has a different, random effect.
   Int:       It affects your intelligence (+4).
   rElec:     It insulates you from electricity.
   rCorr:     It protects you from acid and corrosion.
   Will:      It decreases your willpower.
Missiles
 F - 4 throwing nets (quivered)
Armour
 b - a +0 scale mail
 c - a +0 buckler
 e - the +4 leather armour of Daibruda {rN+ Int+9}
   (You found it on level 2 of the Dungeon)

   Int:       It affects your intelligence (+9).
   rN:        It protects you from negative energy.
 k - a +0 pair of gloves (worn)
 B - a scarf of repulsion (worn)
 L - the +1 ring mail "Tentohe" {SInv}
   (You found it on level 9 of the Dungeon)

   SInv:      It lets you see invisible.
 M - a +4 plate armour of positive energy (worn)
Jewellery
 r - an amulet of faith
 s - an amulet of regeneration (around neck)
 u - a ring of protection from fire (left hand)
 x - a ring of fire
 G - a ring of flight
 N - an amulet of guardian spirit
Wands
 l - a wand of mindburst (10)
 m - a wand of polymorph (3)
 n - a wand of iceblast (22)
 Q - a wand of acid (6)
Scrolls
 d - 2 scrolls of teleportation
 o - 2 scrolls of blinking
 p - 4 scrolls of identify
 t - 2 scrolls of fog
 y - a scroll of magic mapping
 O - 3 scrolls of fear
Potions
 g - a potion of ambrosia
 h - a potion of degeneration
 i - 2 potions of curing {unknown}
 j - a potion of resistance
 q - a potion of haste {unknown}
 v - a potion of brilliance {unknown}
 w - 2 potions of mutation {unknown}
 z - a potion of invisibility {unknown}
 E - 2 potions of flight {unknown}
 H - 2 potions of might
 P - a potion of magic {unknown}
Miscellaneous
 I - a lightning rod (4/4)
 K - a phial of floods


   Skills:
 + Level 11.6 Fighting
 + Level 16.0 Long Blades
 + Level 7.8 Armour
 + Level 8.8 Dodging
 + Level 4.0 Stealth
 + Level 9.0 Shields
 + Level 1.6 Evocations


You had 11 spell levels left.
You didn't know any spells.
Your spell library contained the following spells:

 Spells                   Type           Power      Damage    Failure   Level
 Sublimation of Blood     Necr           0%         N/A       100%        2
 Ignite Poison            Fire/Tmut/Pois 0%         N/A       100%        3
 Mephitic Cloud           Conj/Pois/Air  0%         N/A       100%        3
 Petrify                  Tmut/Erth      0%         N/A       100%        4
 Freezing Cloud           Conj/Ice/Air   0%         6-21      100%        5
 Irradiate                Conj/Tmut      0%         3d13      100%        5


Dungeon Overview and Level Annotations

Branches:
Dungeon (12/15)            Temple (1/1) D:4            Lair (0/6) D:8
 Bailey (visited)
    Orc: D:9-12

Altars:
Ashenzari
Cheibriados
Dithmenos
Elyvilon
Fedhas
Gozag
Hepliaklqana
Kikubaaqudgha
Makhleb
Nemelex Xobeh
Okawaru
Qazlal
Ru
Sif Muna
Trog
Uskayaw
Vehumet
Wu Jian
Xom
Yredelemnul
Zin
The Shining One

Shops:
D:4 (   D:10 [


Innate Abilities, Weirdness & Mutations

You have a pair of horns on your head.
You reflexively headbutt those who attack you in melee.


Message History

A slime creature comes into view.
The slime creature barely misses you.
The slime creature quivers. x2
You slash the slime creature! You freeze the slime creature.
The slime creature is moderately wounded.
The slime creature closely misses you.
You hit the slime creature.
The slime creature goes berserk!
You headbutt the slime creature!
The slime creature is heavily wounded.
The slime creature hits you but does no damage. x2
You slash the slime creature!
The slime creature seems to speed up.
You headbutt the slime creature, but do no damage.
The slime creature is severely wounded.
The slime creature hits you but does no damage.
You completely miss the slime creature.
The slime creature hits you but does no damage. x2
Two slime creatures merge to form a large slime creature.
The slime creature hits you.
You slice the slime creature!! You freeze the slime creature!
The slime creature is heavily wounded.
The large slime creature barely misses you.
You furiously retaliate!
You headbutt the large slime creature! The slime creature hits you!
You slice the large slime creature!!
Nothing appears to happen.
The large slime creature is heavily wounded.
The large slime creature hits you! The slime creature hits you!
The large slime creature hits you.
The slime creature jiggles.
The slime creature completely misses you.
You slash the large slime creature! You freeze the large slime creature.
You headbutt the large slime creature!
The large slime creature is severely wounded.
The large slime creature hits you!!!
* * * LOW HITPOINT WARNING * * *
The large slime creature barely misses you.
You furiously retaliate!
You headbutt the large slime creature, but do no damage.
The slime creature hits you but does no damage.
The large slime creature hits you!!!
You die...

..# ###.# . [.#.#
.. #.#.#
.....#.###.#.#
#....#.....#.#
<.>.......J..######
##........J@......#
............#.###.#
#...........#.#
#.#.........#.#
#...........#.#
#...........#.#
.........<..#.#
###.........#.#
.....###...#[#


You could see a large slime creature (berserk, fast) and a slime creature.

Vanquished Creatures
  Snorg (D:10)
  Harold (D:8)
  A boulder beetle (D:9)
  Erica (D:8)
  2 two-headed ogres
  A deep elf pyromancer (D:9)
  3 ugly things
  2 orc knights (Bailey)
  A cyclops (D:9)
  Joseph (D:8)
  A gargoyle (D:12)
  An unseen horror (shapeshifter) (D:11)
  Psyche (D:10)
  2 kobold demonologists
  A tengu conjurer (D:9)
  5 trolls
  4 slime creatures (D:10)
  A wraith (D:11)
  23 yaks
  Eustachio (D:4)
  A steam dragon (D:9)
  Edmund (D:5)
  A water moccasin (D:6)
  A sky beast (D:6)
  7 orc warriors
  3 black bears
  4 ogres
  2 wolves (D:8)
  5 centaurs
  4 kobold brigands
  Blork the orc (D:4)
  4 bullfrogs
  A gnoll sergeant (D:10)
  5 scorpions
  5 killer bees (D:7)
  4 electric eels (D:8)
  14 wights
  3 howler monkeys
  A bullfrog zombie (D:5)
  2 lava snakes (D:8)
  4 centaur zombies
  5 centaur skeletons
  10 hounds
  A bullfrog skeleton (D:3)
  4 orc priests
  A gnoll shaman (D:7)
  A jelly (D:6)
  4 iguanas
  Ijyb (D:3)
  11 orc wizards
  A hound skeleton (D:4)
  2 howler monkey zombies
  19 gnolls
  3 adders
  A shadow imp (D:6)
  A white imp (D:6)
  2 ufetubi
  2 adder skeletons (D:4)
  3 worms
  3 dart slugs
  34 orcs
  6 ball pythons
  10 endoplasms
  5 giant cockroaches
  10 goblins
  5 hobgoblins
  5 jackals
  A quokka (D:1)
  3 bats (D:1)
  5 frilled lizards
  16 kobolds
  8 rats
310 creatures vanquished.

Vanquished Creatures (others)
  2 plants (D:2)
2 creatures vanquished.

Grand Total: 312 creatures vanquished

Notes
Turn   | Place    | Note
-------+----------+-------------------------------------------
     0 | D:1      | boopmooplesden the Minotaur Fighter began the quest for the
                  | Orb.
     0 | D:1      | Reached XP level 1. HP: 19/19 MP: 0/0
   232 | D:1      | Reached XP level 2. HP: 27/27 MP: 1/1
   650 | D:1      | Found a faded altar of an unknown god.
   655 | D:1      | Reached XP level 3. HP: 23/33 MP: 2/2
  1184 | D:2      | Reached skill level 3 in Long Blades
  1317 | D:2      | Identified a scroll of acquirement
  1317 | D:2      | Acquired 996 gold pieces
  1343 | D:2      | Identified the +4 leather armour of Daibruda {rN+ Int+9}
  1559 | D:3      | Reached XP level 4. HP: 40/40 MP: 3/3
  1701 | D:3      | Reached skill level 4 in Long Blades
  1977 | D:3      | Reached XP level 5. HP: 46/46 MP: 4/4
  2050 | D:3      | Noticed Ijyb
  2059 | D:3      | Killed Ijyb
  2408 | D:4      | Found Kizi's Antique Weapon Shop.
  2423 | D:4      | Bought an ancient falchion for 208 gold pieces
  2423 | D:4      | Identified the +4 falchion "Lael" {venom, Drain Fly rF++
                  | Dex+3} (You bought it in a shop on level 4 of the Dungeon)
  2441 | D:4      | Reached skill level 5 in Long Blades
  2733 | D:4      | Noticed Eustachio
  2735 | D:4      | Reached skill level 1 in Dodging
  2737 | D:4      | Reached XP level 6. HP: 45/53 MP: 5/5
  2747 | D:4      | Killed Eustachio
  2748 | D:4      | Reached skill level 6 in Long Blades
  2748 | D:4      | Reached skill level 5 in Shields
  2749 | D:4      | Reached skill level 1 in Stealth
  3052 | D:4      | Reached XP level 7. HP: 57/60 MP: 6/6
  3243 | D:4      | Noticed Blork the orc
  3253 | D:4      | Killed Blork the orc
  3254 | D:4      | Reached skill level 7 in Long Blades
  3308 | D:4      | Found a staircase to the Ecumenical Temple.
  3325 | D:4      | Reached skill level 5 in Armour
  3331 | Temple   | Entered the Ecumenical Temple
  3440 | Temple   | Became a worshipper of Trog the Wrathful
  3629 | D:5      | Entered Level 5 of the Dungeon
  3647 | D:5      | Reached skill level 5 in Fighting
  3763 | D:5      | Noticed Edmund
  3767 | D:5      | Killed Edmund
  3914 | D:5      | Reached XP level 8. HP: 40/68 MP: 7/7
  4065 | D:5      | Reached skill level 8 in Long Blades
  4355 | D:5      | Found a sparkling altar of Nemelex Xobeh.
  4556 | D:6      | Reached skill level 9 in Long Blades
  4559 | D:6      | Reached * piety under Trog
  4930 | D:6      | Reached XP level 9. HP: 55/75 MP: 8/8
  5445 | D:6      | Reached skill level 10 in Long Blades
  5992 | D:7      | Reached ** piety under Trog
  6259 | D:7      | Found a burning altar of Makhleb.
  6337 | D:7      | Reached skill level 5 in Dodging
  6636 | D:8      | Noticed a troll
  6668 | D:8      | Reached skill level 11 in Long Blades
  6829 | D:8      | Noticed a two-headed ogre
  6838 | D:8      | Killed a two-headed ogre
  6839 | D:8      | Reached XP level 10. HP: 48/88 MP: 9/9
  7075 | D:8      | Reached *** piety under Trog
  7101 | D:8      | Reached skill level 12 in Long Blades
  7132 | D:8      | Noticed Erica
  7148 | D:8      | Killed Erica
  7166 | D:8      | Noticed Joseph
  7185 | D:8      | Killed Joseph
  7186 | D:8      | Reached skill level 1 in Evocations
  7236 | D:8      | Noticed Harold
  7250 | D:8      | Killed Harold
  7333 | D:8      | Found a staircase to the Lair.
  7757 | D:9      | Reached skill level 13 in Long Blades
  7767 | D:9      | Reached XP level 11. HP: 86/97 MP: 10/10
  7771 | D:9      | Noticed a green ugly thing
  7798 | D:9      | Noticed a two-headed ogre
  8021 | D:9      | Killed a two-headed ogre
  8155 | D:9      | Reached **** piety under Trog
  8162 | D:9      | Reached skill level 10 in Fighting
  8197 | D:9      | Noticed a boulder beetle
  8333 | D:9      | Killed a green ugly thing
  8334 | D:9      | Reached skill level 14 in Long Blades
  8342 | D:9      | Killed a boulder beetle
  8357 | D:9      | Noticed a deep elf pyromancer
  8373 | D:9      | Killed a deep elf pyromancer
  8512 | D:9      | Identified the +1 ring mail "Tentohe" {SInv}
  8518 | D:9      | Identified the +6 triple sword "Lifebane" {chaos, rElec
                  | Will- rCorr Int+4}
  8727 | D:10     | Entered Level 10 of the Dungeon
  8789 | D:10     | Noticed Snorg
  8799 | D:10     | Killed Snorg
  8821 | D:10     | Found a flagged portal.
  8844 | D:10     | Noticed Psyche
  8916 | D:10     | Found Wuilaf's Armour Shop.
  8940 | D:10     | Killed Psyche
  8952 | D:10     | Reached skill level 15 in Long Blades
  8971 | D:10     | Reached XP level 12. HP: 108/108 MP: 11/11
  8975 | Bailey   | Entered a bailey
  9083 | Bailey   | Reached ***** piety under Trog
  9828 | D:11     | Noticed a boulder beetle
  9838 | D:11     | a boulder beetle changed into a shapeshifter
 10644 | D:12     | Reached skill level 16 in Long Blades
 10662 | D:12     | Demolished by a large slime creature

Illustrated notes

Levels and vault maps discovered:
D:1:      roderic_chinese_lattice_arrival, layout_loops_ring,
          shapermc_ecumenical_altar_acropolis, minmay_split_cup_large
D:2:      layout_loops_cross, serial_forest, infiniplex_forest_clump_large,
          infiniplex_forest_lined_ring, infiniplex_forest_lined_2,
          infiniplex_forest_clump_small, infiniplex_forest_diagonal,
          infiniplex_forest_end_double, infiniplex_forest_clump_small,
          infiniplex_forest_clump_medium, infiniplex_forest_clump_small,
          ebering_dispersal_statue_hall
D:3:      layout_rooms, serial_rivers, chequers_serial_rivers_micro_d,
          chequers_serial_rivers_small_b, chequers_serial_rivers_large_a,
          chequers_serial_rivers_micro_e, minmay_misc_feat_tower, uniq_ijyb
D:4:      layout_basic, minmay_temple_entry_antechambers, serial_shops,
          nicolae_square_shop, uniq_blork_the_orc, uniq_eustachio
D:5:      layout_basic, mainiacjoe_overflow_concentric_impassable, uniq_edmund
D:6:      minmay_evil_eye, layout_basic, minmay_fractal_squares_diagonal_5
D:7:      layout_rooms, lemuel_crystal_altar, nicolae_figureground_sparkle
D:8:      layout_gridville, erik_lair_island, grunt_decor_junction, uniq_erica,
          uniq_harold, uniq_joseph
D:9:      minmay_the_grid_square_5x5_3x3
          [minmay_the_grid_square_5x5_two_walls_a,
          minmay_the_grid_square_5x5_tri_point,
          minmay_the_grid_square_5x5_eight_small,
          minmay_the_grid_square_5x5_shrine2,
          minmay_the_grid_square_5x5_megaprize_checkered,
          minmay_the_grid_square_5x5_forky, minmay_the_grid_square_5x5_dogpile,
          minmay_the_grid_square_5x5_z, minmay_the_grid_square_5x5_tetrominoes],
          layout_rooms
D:10:     layout_basic, enter_bailey_3, serial_shops, nicolae_shop_statue_plus,
          uniq_snorg, uniq_psyche
D:11:     layout_grid_maze
D:12:     wad_crossroads, layout_basic, uniq_frances, uniq_josephine,
          uniq_maurice
Temple:   regret_index_temple_chain_breaker

Skill      XL: |  1  2  3  4  5  6  7  8  9 10 11 12 |
---------------+-------------------------------------+-----
Shields        | 4 5 6 7 8 9 |  9.0
Fighting       | 4 5 6 8 9 10 11 | 11.6
Armour         | 4 5 6 7 |  7.8
Long Blades    | 3 4 5 6 7 9 11 13 15 16 | 16.0
Dodging        | 1 2 3 4 5 6 8 |  8.8
Stealth        | 1 2 3 4 |  4.0
Evocations     | 1 |  1.6

Action                   |  1- 3 |  4- 6 |  7- 9 | 10-12 || total
-------------------------+-------+-------+-------+-------++-------
Melee: Long sword        |    82 |    37 |       |       ||   119
       Headbutt          |    13 |    15 |    41 |   105 ||   174
       Falchion          |       |    30 |   235 |   242 ||   507
       Triple sword      |       |       |       |   141 ||   141
       Unarmed           |       |       |       |     2 ||     2
Invok: Berserk           |       |       |     1 |    10 ||    11
Evoke: Wand              |       |       |       |     7 ||     7
  Use: Scroll            |     8 |     2 |     3 |     7 ||    20
       Potion            |       |     1 |       |     1 ||     2
 Stab: Sleeping          |       |     1 |     1 |     2 ||     4
       Paralysed         |       |       |       |     1 ||     1
Armor: Scale mail        |    23 |       |       |       ||    23
       Leather armour    |     7 |    28 |    66 |    85 ||   186
       Plate armour      |       |       |       |    49 ||    49
Dodge: Dodged            |    28 |    36 |   137 |   250 ||   451
       Repelled          |       |       |       |     2 ||     2
Block: Buckler           |    16 |    18 |    50 |    55 ||   139
